 Dungeon Crawl Stone Soup version 0.28-a0-664-gc179e30c89 (webtiles) character file.

Game seed: 9542810896086254097

37 Gwenloh the Gusty (level 3, 0/19 HPs)
             Began as a Tengu Air Elementalist on Oct 16, 2021.
             Killed by their own static electricity (3 damage)
             ... on level 1 of the Dungeon.
             The game lasted 00:05:09 (1518 turns).

Gwenloh the Gusty (Tengu Air Elementalist)          Turns: 1518, Time: 00:05:10

Health: 0/19       AC:  2    Str:  8    XL:     3   Next: 39%
Magic:  1/7        EV: 12    Int: 16    God:
Gold:   62         SH:  0    Dex: 14    Spells: 0/6 levels left

rFire   . . .      SeeInvis .   i - +0 dagger
rCold   . . .      Faith    .   (no shield)
rNeg    . . .      Spirit   .   a - +0 robe
rPois   .          Reflect  .   (helmet restricted)
rElec   .          Harm     .   (no cloak)
rCorr   .          Rampage  .   (no gloves)
Will    .....                   (boots unavailable)
Stlth   ++........              (no amulet)
HPRegen 0.06/turn               (no ring)
MPRegen 0.10/turn               (no ring)

@: no status effects
A: beak, talons 3
a: no special abilities


You were on level 1 of the Dungeon.
You visited 1 branch of the dungeon, and saw 2 of its levels.

You collected 62 gold pieces.

Inventory:

Hand Weapons
 h - a +0 hand axe
 i - a +0 dagger (weapon)
Armour
 a - a +0 robe (worn)
Scrolls
 b - 2 scrolls of fog {unknown}
 d - a scroll of enchant weapon {unknown}
 e - a scroll of enchant armour {unknown}
 f - a scroll of identify {unknown}
 g - a scroll of immolation {unknown}
Potions
 c - a potion of flight {unknown}
 j - a potion of heal wounds {unknown}


   Skills:
 - Level 2.1 Dodging
 - Level 2.0 Stealth
 * Level 2.3 Spellcasting
 + Level 2.7 Conjurations
 * Level 4.8 Air Magic


You couldn't memorise any spells.
You knew the following spells:

 Your Spells              Type           Power      Damage    Failure   Level
a - Shock                 Conj/Air       56%        1d6       4%          1
b - Static Discharge      Conj/Air       14%        N/A       6%          2
c - Swiftness             Air            17%        N/A       9%          3

Your spell library contained the following spells:

 Spells                   Type           Power      Damage    Failure   Level
 Airstrike                Air            8%         N/A       26%         4


Dungeon Overview and Level Annotations

Branches:
Dungeon (2/15)

Altars:


Innate Abilities, Weirdness & Mutations

You have a beak for a mouth.
You have claws for feet.


Message History

You kill the goblin!
The lightning grounds out.
You start resting.
Magic restored.
You start resting.
HP restored.
You close the door.
You climb downwards.
The goblin barely misses you. The hobgoblin hits you.
The goblin hits you but does no damage. The hobgoblin barely misses you.
The goblin hits you with a +0 dagger.
The hobgoblin hits you but does no damage.
There is a stone staircase leading up, spattered with blood here.
The goblin hits you with a +0 dagger. The hobgoblin barely misses you.
The goblin hits you with a +0 dagger. The hobgoblin barely misses you.
You climb upwards.
There is a stone staircase leading down here.
Casting: Static Discharge (safe; 6% risk of failure)
Confirm with . or Enter, or press ? or * to list all spells.
The hobgoblin is struck by an arc of lightning.
The hobgoblin is almost dead.
You are struck by an arc of lightning.
* * * LOW HITPOINT WARNING * * *
The hobgoblin is struck by an arc of lightning.
The hobgoblin is severely wounded.
The lightning grounds out.
The hobgoblin barely misses you. The hobgoblin hits you.
* * * LOW HITPOINT WARNING * * *
Casting: Static Discharge (safe; 6% risk of failure)
Confirm with . or Enter, or press ? or * to list all spells.
The hobgoblin is struck by an arc of lightning.
You kill the hobgoblin!
You are struck by an arc of lightning.
* * * LOW HITPOINT WARNING * * *
The lightning grounds out.
A hobgoblin breaks down the door.
Casting: Static Discharge (safe; 6% risk of failure)
Confirm with . or Enter, or press ? or * to list all spells.
The hobgoblin is struck by an arc of lightning.
You kill the hobgoblin!
You are struck by an arc of lightning.
You die...

#.......................♣
##..............####....♣≈
#......................≈≈P
#........##........##..♣≈≈
#.###.#####........##.♣♣P≈ #.#
#.# #...........♣≈≈≈ #####.#
#.# #...........♣≈≈P
#...).###.#####........##.≈≈≈≈
#..........g$@g..........♣≈≈≈≈
#.....#######'##########♣≈≈≈≈≈
#.....# ###...### #..♣P≈≈≈P
#.....####.......### #(.♣≈≈≈≈≈
#.....##...........###..♣≈≈≈≈≈
#.....#.....#'#.....##..♣P≈≈≈P
#.........###≈###....#..♣≈≈≈≈≈
#.......###.≈≈≈.###.<#...♣♣♣≈≈
#......##..≈≈≈≈≈..##.#...###♣≈


You could see 2 goblins.

Vanquished Creatures
  A worm (D:2)
  A dart slug (D:1)
  3 endoplasms (D:1)
  2 giant cockroaches (D:1)
  7 goblins
  5 hobgoblins (D:1)
  3 quokkas (D:1)
  A ball python (D:1)
  2 kobolds (D:1)
  3 rats (D:1)
28 creatures vanquished.

Vanquished Creatures (others)
  A plant (D:1)
1 creature vanquished.

Grand Total: 29 creatures vanquished

Notes
Turn   | Place    | Note
-------+----------+-------------------------------------------
     0 | D:1      | Gwenloh the Tengu Air Elementalist began the quest for the
                  | Orb.
     0 | D:1      | Reached XP level 1. HP: 10/10 MP: 4/4
   429 | D:1      | Reached XP level 2. HP: 15/15 MP: 4/6
   461 | D:1      | Learned a level 2 spell: Static Discharge
   829 | D:1      | Reached XP level 3. HP: 19/19 MP: 5/7
  1250 | D:2      | Learned a level 3 spell: Swiftness
  1518 | D:1      | Killed from afar by themself

Illustrated notes

Levels and vault maps discovered:
D:1:      evilmike_arrival_crescent, layout_rooms, serial_bayou_ford_a
D:2:      layout_basic, minmay_goblin_outpost, uniq_jessica

Skill      XL: |  1 |
---------------+----+-----
Conjurations   | 2 |  2.7
Dodging        | |  2.1
Stealth        | |  2.0
Spellcasting   | |  2.3
Air Magic      | |  4.8

Action                   || total
-------------------------++-------
Melee: Unarmed           ||    13
       Kick              ||     5
       Peck              ||     1
       Dagger            ||     4
 Cast: Shock             ||    53
       Static Discharge  ||     5
Armor: Robe              ||     6
Dodge: Dodged            ||    16

Table legend: (Time is in decaauts)
 A = Elapsed time spent in this place.
 B = Non-inter-level travel time spent in this place.
 C = Inter-level travel time spent in this place.
 D = Time resting spent in this place.
 E = Time spent auto-exploring this place.
 F = Levels seen in this place.
 G = Mean time per level.
                   A        B        C        D        E       F      G
               +--------+--------+--------+--------+--------+-----+--------+
         Total |   1530 |   1504 |     26 |    163 |   1122 |   2 |  765.0 |
       Dungeon |   1530 |   1504 |     26 |    163 |   1122 |   2 |  765.0 |
               +--------+--------+--------+--------+--------+-----+--------+

Top non-repeatable levels by time:
     D:1: 1310 daAuts
     D:2: 220 daAuts
